 Dungeon Crawl Stone Soup version 0.29.1-15-g9cfb28693d (webtiles) character file.

Game seed: 11426251934814915760

1583 Eitelfritz the Carver (level 8, -3/71 HPs)
             Began as a Minotaur Gladiator on Apr 14, 2023.
             Slain by a troll (11 damage)
             ... on level 5 of the Dungeon.
             The game lasted 00:09:16 (6219 turns).

Eitelfritz the Carver (Minotaur Gladiator)          Turns: 6219, Time: 00:09:16

Health: -3/71      AC: 16    Str: 18    XL:     8   Next: 60%
Magic:  7/7        EV:  9    Int:  7    God:
Gold:   149        SH:  0    Dex: 13    Spells: 7/7 levels left

rFire   . . .      SeeInvis .   a - +1 long sword (vorpal)
rCold   . . .      Faith    .   (no shield)
rNeg    . . .      Spirit   .   s - +1 chain mail {rPois}
rPois   +          Reflect  .   c - +1 hat
rElec   .          Harm     .   n - +2 cloak {Will+}
rCorr   .          Rampage  .   (no gloves)
Will    +....                   l - +0 pair of boots
Stlth   ..........              (no amulet)
HPRegen 0.21/turn               (no ring)
MPRegen 0.10/turn               (no ring)

@: hasted, very quick
A: horns 2, retaliatory headbutt
a: no special abilities


You were on level 5 of the Dungeon.
You visited 1 branch of the dungeon, and saw 6 of its levels.

You collected 329 gold pieces.
You spent 180 gold pieces at shops.

Inventory:

Hand Weapons
 a - a +1 vorpal long sword (weapon)
 b - a +0 arbalest
 m - a +0 long sword of protection
 o - the +8 hammer "Duomn" {vorpal, Will+ Dex+6}
   (You found it on level 2 of the Dungeon)

   It inflicts extra damage upon your enemies.
   Dex:       It affects your dexterity (+6).
   Will:      It increases your willpower.
Missiles
 d - 3 throwing nets (quivered)
 e - a javelin
 f - 27 poisoned darts
Armour
 c - a +1 hat (worn)
 l - a +0 pair of boots (worn)
 n - a +2 cloak of willpower (worn)
 s - a +1 chain mail of poison resistance (worn)
 y - a +0 leather armour
Jewellery
 j - an amulet of faith
 r - a ring of magical power
Scrolls
 q - 2 scrolls of teleportation
 u - a scroll of identify
Potions
 g - a potion of brilliance {unknown}
 h - a potion of might {unknown}
 i - a potion of invisibility {unknown}
 k - 2 potions of haste
 p - 2 potions of attraction
 t - a potion of cancellation {unknown}
 v - 2 potions of flight {unknown}
 w - 2 potions of curing
 z - a potion of lignification {unknown}
 A - a potion of ambrosia {unknown}


   Skills:
 + Level 6.4 Fighting
 + Level 9.2 Long Blades
 + Level 2.1 Throwing
 + Level 6.4 Armour
 + Level 4.6 Dodging
 + Level 1.4 Stealth


You had 7 spell levels left.
You didn't know any spells.
Your spell library contained the following spells:

 Spells                   Type           Power      Damage    Failure   Level
 Sublimation of Blood     Necr           0%         N/A       100%        2
 Wereblood                Tmut           0%         N/A       100%        2
 Frozen Ramparts          Ice            0%         1d1       100%        3
 Ice Form                 Ice/Tmut       0%         N/A       100%        4
 Summon Ice Beast         Ice/Summ       0%         N/A       100%        4
 Summon Mana Viper        Hex/Summ       0%         N/A       100%        5
 Monstrous Menagerie      Summ           0%         N/A       100%        7
 Summon Hydra             Summ           0%         N/A       100%        7


Dungeon Overview and Level Annotations

Branches:
Dungeon (6/15)
 Temple: D:4-7

Altars:
Elyvilon
Qazlal
Trog
Uskayaw
Vehumet
Zin
The Shining One

Shops:
D:1 :[(*!   D:3 (

Annotations:
D:6 1 transporter


Innate Abilities, Weirdness & Mutations

You have a pair of horns on your head.
You reflexively headbutt those who attack you in melee.


Message History

The gnoll barely misses you. The gnoll hits you but does no damage.
The troll bites you! The troll claws you. The troll claws you!
You climb upwards.
There is a stone staircase leading down here.
You hit the gnoll but do no damage. The gnoll hits you but does no damage.
The troll bites you but does no damage. The troll claws you. x2
You slash the gnoll!
You kill the gnoll!
The troll bites you but does no damage. The troll claws you but does no damage.
The troll claws you. The troll bites you!
* * * LOW HITPOINT WARNING * * *
The troll claws you.
* * * LOW HITPOINT WARNING * * *
The troll claws you.
* * * LOW HITPOINT WARNING * * *
Things that are here:
a +0 club; a +0 giant spiked club You feel much better.
The troll bites you but does no damage. The troll barely misses you.
The troll closely misses you.
You feel yourself speed up. The troll bites you but does no damage.
The troll claws you. The troll claws you!
You barely miss the troll. You headbutt the troll.
The troll is lightly wounded.
You closely miss the troll.
The troll is lightly wounded.
The troll bites you.
The troll claws you but does no damage. x2
You closely miss the troll. You headbutt the troll.
The troll is moderately wounded.
The troll bites you!
* * * LOW HITPOINT WARNING * * *
The troll claws you but does no damage. x2
You hit the troll.
The troll is moderately wounded.
You closely miss the troll.
The troll is moderately wounded.
The troll bites you.
* * * LOW HITPOINT WARNING * * *
The troll claws you but does no damage. The troll claws you!
You die...

##.# #.....# ##.....##
# ...# #####.# ##...##
#### #.# ##'## #
####.#######.### #
#..............######
#
#.##.##..###........#
#
#.##.##..##....####.#
#
#<##T##..#.....####.##
#
#.##>@................
#
#.#####..###.#.####.##
# #.#####..###.#.# #.#
#
#..............####.#
############........#
##########


You could see a troll.

Vanquished Creatures
  5 ogres
  A centaur (D:5)
  A kobold brigand (D:6)
  2 necrophages
  2 scorpions (D:5)
  3 wights (D:5)
  A jelly (D:5)
  5 hounds
  An orc priest (D:5)
  Crazy Yiuf (D:2)
  5 iguanas
  2 orc wizards (D:4)
  4 gnolls
  6 adders
  3 worms
  2 dart slugs (D:3)
  10 orcs
  5 bats
  5 endoplasms
  A giant cockroach (D:1)
  2 hobgoblins (D:1)
  6 jackals
  10 kobolds
  7 quokkas
  6 ball pythons
  2 frilled lizards
  A goblin (D:4)
  A rat (D:3)
100 creatures vanquished.

Notes
Turn   | Place    | Note
-------+----------+-------------------------------------------
     0 | D:1      | Eitelfritz the Minotaur Gladiator began the quest for the
                  | Orb.
     0 | D:1      | Reached XP level 1. HP: 18/18 MP: 0/0
   207 | D:1      | Found Sadwysku's Book Shoppe.
   212 | D:1      | Found Sagrujeol's Antique Armour Shoppe.
   253 | D:1      | Found Byisataq's Antique Weapon Shop.
   263 | D:1      | Reached XP level 2. HP: 12/25 MP: 1/1
   547 | D:1      | Found Kivuihak's Distillery.
   664 | D:1      | Found Juem's General Store.
   700 | D:1      | Bought a potion of degeneration for 13 gold pieces
   869 | D:2      | Identified the +5 hand axe "Viojam" {flame, *Noise MP+9
                  | Dex+4}
   988 | D:2      | Reached skill level 4 in Long Blades
   988 | D:2      | Reached skill level 1 in Armour
   988 | D:2      | Reached XP level 3. HP: 27/30 MP: 2/2
  1246 | D:2      | You fall into a shaft and drop 1 floor!
  1388 | D:3      | Found a white marble altar of Elyvilon.
  1960 | D:3      | Found Xikevvel's Weapon Boutique.
  1970 | D:3      | Bought a +0 arbalest for 63 gold pieces
  2211 | D:2      | Reached XP level 4. HP: 38/38 MP: 3/3
  2244 | D:2      | Found a runed translucent door.
  2245 | D:2      | Noticed Crazy Yiuf
  2361 | D:2      | Found a faded altar of an unknown god.
  2908 | D:1      | Bought a potion of heal wounds for 65 gold pieces
  2908 | D:1      | Bought a potion of curing for 39 gold pieces
  2971 | D:2      | Killed Crazy Yiuf
  2981 | D:2      | Identified the +8 hammer "Duomn" {vorpal, Will+ Dex+6}
  3113 | D:4      | Noticed a necrophage
  3122 | D:4      | Killed a necrophage
  3123 | D:4      | Reached skill level 5 in Long Blades
  3123 | D:4      | Reached XP level 5. HP: 41/45 MP: 4/4
  3870 | D:4      | Reached XP level 6. HP: 51/52 MP: 5/5
  3912 | D:4      | Found a bloodstained altar of Trog.
  3919 | D:4      | Found a glowing silver altar of Zin.
  3922 | D:4      | Found a glowing golden altar of the Shining One.
  3922 | D:4      | Found a radiant altar of Vehumet.
  3929 | D:4      | Found a hide-covered altar of Uskayaw.
  4014 | D:4      | Reached skill level 6 in Long Blades
  4014 | D:4      | Reached skill level 1 in Stealth
  4550 | D:5      | Entered Level 5 of the Dungeon
  4564 | D:5      | Reached XP level 7. HP: 56/60 MP: 6/6
  4728 | D:5      | Reached skill level 7 in Long Blades
  5029 | D:5      | Reached skill level 5 in Fighting
  5029 | D:5      | Reached skill level 5 in Armour
  5240 | D:5      | Reached skill level 8 in Long Blades
  5261 | D:5      | Reached XP level 8. HP: 48/69 MP: 7/7
  5958 | D:6      | Reached skill level 9 in Long Blades
  6106 | D:6      | Found a transporter.
  6107 | D:6      | Noticed a komodo dragon
  6110 | D:6      | Found a stormy altar of Qazlal.
  6113 | D:6      | Noticed a cyan ugly thing
  6196 | D:6      | Noticed a troll
  6219 | D:5      | Slain by a troll

Illustrated notes

Levels and vault maps discovered:
D:1:      psy_arrival_whirlpool, layout_rooms, serial_shops, shop_fountains,
          shop, shop, nicolae_shop_hallway_stairs, nicolae_shop_stone,
          st_stairs_14
D:2:      layout_basic, basic_ecumenical_altar, uniq_crazy_yiuf_cottage
D:3:      layout_rooms, elyvilon_altar_3, serial_shops, nicolae_lakefront_shop
D:4:      minmay_chambers_of_twos, layout_loops_corners,
          nicolae_overflow_hallway_of_the_gods
D:5:      layout_loops_corners, kennysheep_generic_room_7
D:6:      layout_basic, gammafunk_temple_overflow_arena,
          minmay_temple_entry_statues, kb_rosetta

Skill      XL: |  1  2  3  4  5  6  7  8 |
---------------+-------------------------+-----
Long Blades    | 4 5 6 8 9 |  9.2
Armour         | 1 2 3 4 5 6 |  6.4
Fighting       | 3 4 5 6 |  6.4
Dodging        | 4 |  4.6
Stealth        | 1 |  1.4
Throwing       | |  2.1

Action                   |  1- 3 |  4- 6 |  7- 9 || total
-------------------------+-------+-------+-------++-------
Melee: Long sword        |    90 |    97 |   117 ||   304
       Headbutt          |    19 |    16 |    19 ||    54
  Use: Scroll            |       |     8 |     3 ||    11
       Potion            |       |     2 |     2 ||     4
Armor: Leather armour    |    28 |       |       ||    28
       Chain mail        |    15 |    59 |    63 ||   137
Dodge: Dodged            |    54 |    33 |    47 ||   134
